 Dungeon Crawl Stone Soup version 0.27.1 (webtiles) character file.

Game seed: 4409048276889668158

2001 pkoi the Grappler (level 9, -1/120 HPs)
             Began as a Troll Fighter on Aug 30, 2021.
             Was a Believer of Okawaru.
             Slain by a five-headed hydra (7 damage)
             ... on level 7 of the Dungeon.
             The game lasted 00:08:46 (4511 turns).

pkoi the Grappler (Troll Fighter)                   Turns: 4511, Time: 00:08:47

Health: -1/120     AC:  8    Str: 30    XL:     9   Next: 2%
Magic:  9/9        EV:  9    Int:  5    God:    Okawaru [**....]
Gold:   213        SH: 10    Dex: 11    Spells: 9/10 levels left

rFire    . . .     SeeInvis +   n - +12 dagger of Qehufas {spect, Dex+2}
rCold    . . .     Faith    .   b - +0 kite shield
rNeg     + . .     Spirit   .   z - +1 robe of the Nexus {rElec rN+ Regen+ Str+2}
rPois    .         Reflect  .   p - +0 hat {Stlth+}
rElec    +         Harm     .   a - +2 cloak of the Thief {*Fog Slay-2 SInv Stlth+}
rCorr    .         Rampage  .   (gloves unavailable)
Will     +....                  (boots unavailable)
Stlth    ..........             (no amulet)
HPRegen  2.30/turn              d - ring of willpower
MPRegen  0.11/turn              (no ring)

@: berserking, very quick
A: large, unfitting armour, claws 3, regeneration 1, shaggy fur 1, tough skin 1
a: Renounce Religion, Heroism


You were on level 7 of the Dungeon.
You worshipped Okawaru.
Okawaru was pleased with you.
You visited 2 branches of the dungeon, and saw 8 of its levels.

You collected 469 gold pieces.
You spent 256 gold pieces at shops.

Inventory:

Hand Weapons
 n - the +12 dagger of Qehufas (weapon) {spect, Dex+2}
   (You found it on level 4 of the Dungeon)

   When its wielder attacks, the weapon's spirit leaps out and strikes again.
   The spirit shares a part of any damage it takes with its wielder.
   Dex:       It affects your dexterity (+2).
Missiles
 m - 11 poisoned darts (quivered)
Armour
 a - the +2 cloak of the Thief (worn) {*Fog Slay-2 SInv Stlth+}
   (You acquired it on level 7 of the Dungeon)

   It may release a thick cloud of smoke when the wearer is hurt.
   Slay:      It affects your accuracy & damage with ranged weapons and melee
   (-2).
   SInv:      It lets you see invisible.
   Stlth:     It makes you more stealthy.
 b - a +0 kite shield (worn)
 p - a +0 hat of stealth (worn)
 s - a +0 cloak
 z - the +1 robe of the Nexus (worn) {rElec rN+ Regen+ Str+2}
   (You acquired it on level 7 of the Dungeon)

   Str:       It affects your strength (+2).
   rElec:     It insulates you from electricity.
   rN:        It protects you from negative energy.
   Regen:     It increases your rate of health regeneration.
Jewellery
 d - a ring of willpower (left claw)
Wands
 w - a wand of flame (18)
Scrolls
 o - a scroll of enchant weapon
 r - a scroll of fear
 u - a scroll of teleportation
 x - a scroll of amnesia
Potions
 c - a potion of might
 e - 5 potions of heal wounds {unknown}
 f - a potion of flight
 g - 3 potions of curing {unknown}
 h - a potion of resistance {unknown}
 i - a potion of haste {unknown}
 j - a potion of attraction
 k - a potion of ambrosia {unknown}
 l - a potion of berserk rage
 q - a potion of lignification {unknown}
 t - a potion of invisibility {unknown}


   Skills:
 - Level 2.4 Fighting
 - Level 2.4 Dodging
 + Level 5.9 Shields
 * Level 9.3 Unarmed Combat
 - Level 1.3 Spellcasting
 - Level 1.6 Transmutations
 + Level 0.3 Evocations


You had 9 spell levels left.
You knew the following spells:

 Your Spells              Type           Power      Damage    Failure   Level
a - Beastly Appendage     Tmut           2%         N/A       43%         1

Your spell library contained the following spells:

 Spells                   Type           Power      Damage    Failure   Level
 Wereblood                Tmut           1%         N/A       56%         2
 Corpse Rot               Necr/Air       N/A        N/A       80%         2
 Poisonous Vapours        Pois/Air       0%         N/A       80%         2
 Spider Form              Tmut/Pois      0%         N/A       89%         3
 Freezing Cloud           Conj/Ice/Air   0%         6-21      100%        5


Dungeon Overview and Level Annotations

Branches:
Dungeon (7/15)             Temple (1/1) D:4

Altars:
Cheibriados
Dithmenos
Elyvilon
Fedhas
Gozag
Hepliaklqana
Kikubaaqudgha
Nemelex Xobeh
Okawaru
Qazlal
Sif Muna
Trog
Wu Jian
Xom
Yredelemnul
Zin

Shops:
D:6 [


Innate Abilities, Weirdness & Mutations

You are too large for most types of armour.
You have claws for hands.
Your natural rate of healing is unusually fast.
You are covered in fur. (AC +1)
You have tough skin. (AC +1)


Message History

You block the five-headed hydra's attack.
The centaur barely misses your +12 dagger of Qehufas {spect, Dex+2}.
The centaur closely misses your +12 dagger of Qehufas {spect, Dex+2}.
Unknown command.
You hit the five-headed hydra.
The five-headed hydra is severely wounded.
Your +12 dagger of Qehufas {spect, Dex+2} hits the five-headed hydra!
The five-headed hydra bites your +12 dagger of Qehufas {spect, Dex+2}.
Your spectral weapon shares its damage with you!
* * * LOW HITPOINT WARNING * * *
The five-headed hydra bites your +12 dagger of Qehufas {spect, Dex+2}!
Your spectral weapon shares its damage with you!
* * * LOW HITPOINT WARNING * * *
The five-headed hydra bites your +12 dagger of Qehufas {spect, Dex+2} but does no damage.
The five-headed hydra bites your +12 dagger of Qehufas {spect, Dex+2}!
Your spectral weapon shares its damage with you!
* * * LOW HITPOINT WARNING * * *
The five-headed hydra misses your +12 dagger of Qehufas {spect, Dex+2}.
The centaur hits your +12 dagger of Qehufas {spect, Dex+2}.
Your spectral weapon shares its damage with you!
Your +12 dagger of Qehufas {spect, Dex+2} fades away.
* * * LOW HITPOINT WARNING * * *
A red film seems to cover your vision as you go berserk!
You feel yourself moving faster!
You feel mighty!
You block the five-headed hydra's attack.
The five-headed hydra bites you!
* * * LOW HITPOINT WARNING * * *
You block the five-headed hydra's attack. x2
The five-headed hydra bites you.
* * * LOW HITPOINT WARNING * * *
The centaur hits you.
* * * LOW HITPOINT WARNING * * *
The centaur kicks you but does no damage.
You puncture the five-headed hydra!
The five-headed hydra is almost dead.
Your +12 dagger of Qehufas {spect, Dex+2} hits the five-headed hydra!
You block the five-headed hydra's attack. x2
The five-headed hydra bites you but does no damage.
The five-headed hydra bites you!
You die...

#.............# #.
##............#
#.##
#............#
#..#######
##†..###.......
#........####...##
###....
#..............##
#......
#............Y##
#.....
#...........cD#
.....
##........###(@#
....# #........##
#...## ..$...
##.......##
##.....######...#
##..###..##
######....#...#
#.### #..### #...#
.## ##....## ##..#
## ##......## #..#
# ##...#....# #.##
# ##..###....###
##.#


You could see a five-headed hydra, an ice beast, a centaur and a friendly +12
dagger of Qehufas {spect, Dex+2} (summoned).

Vanquished Creatures
  A steam dragon (D:6)
  2 water moccasins
  An orc warrior (D:6)
  A sky beast (D:6)
  A necrophage (D:6)
  A centaur (D:5)
  An ogre (D:5)
  A phantom (D:7)
  4 scorpions
  A wyvern zombie (D:6)
  A wyvern skeleton (D:6)
  4 wights (D:7)
  2 bullfrog zombies
  A gnoll shaman (D:6)
  2 orc priests
  Crazy Yiuf (D:5)
  2 centaur skeletons
  A scorpion zombie (D:5)
  An iguana (D:6)
  3 orc wizards
  2 hound skeletons (D:4)
  4 gnolls
  7 adders
  2 shadow imps (D:7)
  3 ufetubi
  2 adder skeletons (D:4)
  2 worms
  A dart slug (D:2)
  16 orcs
  5 ball pythons
  4 endoplasms
  2 giant cockroaches (D:1)
  7 goblins
  6 hobgoblins
  6 jackals
  10 kobolds
  6 quokkas
  3 bats
  6 frilled lizards
  8 rats
134 creatures vanquished.

Vanquished Creatures (others)
  5 fungi (D:5)
  5 toadstools (D:5)
10 creatures vanquished.

Grand Total: 144 creatures vanquished

Notes
Turn   | Place    | Note
-------+----------+-------------------------------------------
     0 | D:1      | pkoi the Troll Fighter began the quest for the Orb.
     0 | D:1      | Reached XP level 1. HP: 22/22 MP: 0/0
    78 | D:1      | Reached XP level 2. HP: 29/29 MP: 1/1
   188 | D:1      | Reached skill level 3 in Unarmed Combat
   216 | D:1      | Reached XP level 3. HP: 35/36 MP: 2/2
   397 | D:1      | Found a faded altar of an unknown god.
   549 | D:2      | Learned a level 1 spell: Beastly Appendage
   629 | D:2      | Reached XP level 4. HP: 44/44 MP: 3/3
  1641 | D:3      | Reached skill level 4 in Unarmed Combat
  1722 | D:3      | Reached XP level 5. HP: 50/50 MP: 4/4
  1982 | D:4      | Identified the +12 dagger of Qehufas {spect, Dex+2}
  2036 | D:4      | HP: 2/75 [orc priest/divine providence (7)]
  2041 | D:4      | Reached skill level 1 in Transmutations
  2043 | D:4      | Reached skill level 1 in Spellcasting
  2121 | D:4      | Noticed a water moccasin
  2124 | D:4      | Killed a water moccasin
  2125 | D:4      | Reached XP level 6. HP: 59/59 MP: 6/6
  2218 | D:4      | Reached skill level 5 in Unarmed Combat
  2442 | D:4      | Found a staircase to the Ecumenical Temple.
  2501 | Temple   | Entered the Ecumenical Temple
  2584 | Temple   | Became a worshipper of Warmaster Okawaru
  2676 | D:5      | Entered Level 5 of the Dungeon
  2763 | D:5      | Reached XP level 7. HP: 50/66 MP: 7/7
  2850 | D:5      | Reached skill level 6 in Unarmed Combat
  2881 | D:5      | Found a runed translucent door.
  2882 | D:5      | Noticed Crazy Yiuf
  2943 | D:5      | Reached * piety under Okawaru
  3027 | D:5      | Found an ornate altar of the Wu Jian Council.
  3236 | D:5      | Found a bloodstained altar of Trog.
  3341 | D:5      | Killed Crazy Yiuf
  3402 | D:6      | Found Nahunt Hase's Antique Armour Emporium.
  3409 | D:6      | Bought a glowing hat for 168 gold pieces
  3409 | D:6      | Bought a glowing robe for 88 gold pieces
  3435 | D:6      | Reached skill level 7 in Unarmed Combat
  3444 | D:6      | Reached XP level 8. HP: 74/74 MP: 8/8
  3617 | D:6      | Reached skill level 5 in Shields
  3626 | D:6      | Reached ** piety under Okawaru
  3627 | D:6      | Reached skill level 8 in Unarmed Combat
  3781 | D:6      | Noticed a six-headed hydra
  3781 | D:6      | Noticed a komodo dragon
  4162 | D:7      | Reached skill level 9 in Unarmed Combat
  4363 | D:7      | Noticed a five-headed hydra
  4392 | D:7      | Identified 2 scrolls of acquirement
  4392 | D:7      | Acquired the +1 robe of the Nexus {rElec rN+ Regen+ Str+2}
  4407 | D:7      | Acquired the +2 cloak of the Thief {*Fog Slay-2 SInv
                  | Stlth+}
  4407 | D:7      | Found the +2 cloak of the Thief {*Fog Slay-2 SInv Stlth+}
  4502 | D:7      | Reached XP level 9. HP: 65/80 MP: 9/9
  4510 | D:7      | HP: 4/120 [centaur (3)]
  4511 | D:7      | Slain by a five-headed hydra

Illustrated notes

Levels and vault maps discovered:
D:1:      nzn_arrival_depleted_hourglass, layout_rooms,
          shapermc_ecumenical_altar_notcrosses, nrook_mini_vaults,
          minmay_misc_feat_doors, minmay_tiny_reverse_x
D:2:      layout_basic
D:3:      layout_loops_cross
D:4:      layout_loops_cross, minmay_temple_entry_grid,
          chequers_serial_rivers_micro_c
D:5:      layout_gridville, nicolae_overflow_hidden_temple,
          minmay_gold_behind_fungi, uniq_crazy_yiuf_cottage
D:6:      layout_basic, serial_shops, shop, lightli_corner_chamber
D:7:      layout_layer_cave, nicolae_ru_path_of_blood,
          minmay_fractal_squares_gapless_5
Temple:   nicolae_temple_great_sept

Skill      XL: |  1  2  3  4  5  6  7  8 |
---------------+-------------------------+-----
Unarmed Combat | 3 4 5 7 9 |  9.3
Shields        | 3 4 5 |  5.9
Transmutations | 1 |  1.6
Spellcasting   | 1 |  1.3
Fighting       | |  2.4
Dodging        | |  2.4
Evocations     | |  0.3

Action                   |  1- 3 |  4- 6 |  7- 9 || total
-------------------------+-------+-------+-------++-------
Melee: Unarmed           |   114 |    73 |       ||   187
       Dagger            |       |    59 |    89 ||   148
  Use: Scroll            |       |     8 |     6 ||    14
       Potion            |       |     1 |     1 ||     2
 Stab: Sleeping          |       |     1 |     2 ||     3
       Distracted        |       |       |     1 ||     1
Armor: Robe              |    49 |    25 |    22 ||    96
Dodge: Dodged            |    34 |    33 |    31 ||    98
Block: Kite shield       |    52 |    50 |    51 ||   153
